 Dungeon Crawl Stone Soup version 0.18-a0-1523-gbe15c29 (webtiles) character file.

11788 milladamen the Basher (level 11, -4/104 HPs)
             Began as a Minotaur Berserker on Mar 7, 2016.
             Was the Champion of Trog.
             Slain by a troll (8 damage)
             ... led by an orc warlord
             ... on level 1 of the Orcish Mines.
             The game lasted 00:44:31 (9071 turns).

milladamen the Basher (Minotaur Berserker)          Turns: 9071, Time: 00:44:32

Health: -4/104     AC: 21    Str: 22    XL:     11   Next: 53%
Magic:  10/10      EV: 11    Int:  4    God:    Trog [******]
Gold:   786        SH:  0    Dex: 13    Spells: 0 memorised, 10 levels left

rFire  . . .     SeeInvis .     Q - +4 dire flail (holy)
rCold  . . .     Gourm    .     u - +1 plate armour
rNeg   + . .     Faith    +     (shield currently unavailable)
rPois  .         Spirit   .     (helmet restricted)
rElec  .         Dismiss  .     m - +2 cloak {MR+}
rCorr  .         Reflect  .     y - +0 pair of gloves
SustAt .         Harm     .     (no boots)
MR     +....                    p - amulet of faith
Stlth  ..........               I - ring of flight
                                e - ring of positive energy

@: lethally poisoned (-4 -> -10), somewhat resistant to hostile enchantments,
extremely unstealthy
A: retaliatory headbutt, horns 2
a: Berserk, Trog's Hand, Brothers in Arms, Burn Spellbooks, Renounce Religion,
Evoke Flight


You were on level 1 of the Orcish Mines.
You worshipped Trog.
Trog was exalted by your worship.
You were not hungry.

You visited 2 branches of the dungeon, and saw 12 of its levels.

You collected 1098 gold pieces.
You spent 312 gold pieces at shops.

Inventory:

Hand Weapons
 j - a +6 hand crossbow of flaming
 G - a +0 morningstar
 M - a +3 antimagic great mace
 Q - a +4 dire flail of holy wrath (weapon)
Armour
 m - a +2 cloak of magic resistance (worn)
 u - a +1 plate armour (worn)
 y - a +0 pair of gloves (worn)
 H - a +2 cloak of poison resistance
Jewellery
 e - a ring of positive energy (left hand)
 l - a cursed ring of ice
 p - an amulet of faith (around neck)
 I - a ring of flight (right hand)
 L - an uncursed amulet of dismissal
Wands
 g - a wand of flame (30/48)
 o - a wand of digging (15/24)
 D - a wand of random effects (24/48)
 E - a wand of paralysis (8/24)
 N - a wand of polymorph (11/24)
 O - a wand of iceblast (10/15)
Scrolls
 b - 2 scrolls of identify
 f - 6 scrolls of teleportation
 h - 2 scrolls of blinking
 k - a scroll of enchant armour
 t - 6 scrolls of remove curse
 w - a scroll of holy word
 x - a scroll of silence
 z - a scroll of fog
 C - a scroll of enchant weapon
 F - a scroll of fear
Potions
 a - a potion of magic
 d - a potion of heal wounds
 i - 2 potions of haste
 r - 2 potions of cancellation
 s - a potion of curing
 v - a potion of lignification
 A - a potion of invisibility
Miscellaneous
 K - a plain deck of summoning {the Dance}
Comestibles
 c - 13 bread rations
 n - 7 meat rations
 J - 2 beef jerkies


   Skills:
 + Level 11.9 Fighting
 + Level 12.2 Maces & Flails
 + Level 11.2 Armour
 + Level 10.7 Dodging
 - Level 0.8 Stealth
   Level 5.6 Shields


You had 10 spell levels left.
You didn't know any spells.

Dungeon Overview and Level Annotations

Branches:
Dungeon (10/15)            Temple (0/1) D:5             Orc (2/2) D:10
   Lair: D:8-11         Elf: Orc:2

Altars:
Ashenzari
Dithmenos
Elyvilon
Fedhas
Makhleb
Nemelex Xobeh
Pakellas
Qazlal
Vehumet
Xom
Yredelemnul
Zin

Shops:
D:4 !   D:6 ?   Orc:1 (

Annotations:
D:5 1 runed door


Innate Abilities, Weirdness & Mutations

You reflexively headbutt those who attack you in melee.
You have a pair of horns on your head.


Message History

* * * LOW HITPOINT WARNING * * *
The troll claws you but does no damage. x2
The orc warlord roars a battlecry!
The orcs go into a battle-frenzy!
The orc warlord hits you with a battleaxe.
* * * LOW HITPOINT WARNING * * *
The orc wizard mumbles some strange words.
The orc wizard blinks!
Things that are here:
a leather armour; an orc corpse You closely miss the orc wizard.
You feel sick. The troll bites you!
* * * LOW HITPOINT WARNING * * *
The troll closely misses you. The troll claws you but does no damage.
The orc warrior hits you with a scimitar.
* * * LOW HITPOINT WARNING * * *
You completely miss the orc wizard.
The orc warrior hits you but does no damage.
You are lethally poisoned!
The troll bites you but does no damage. The troll claws you!
You die...

#.....###.......#.###.....##
.....####......######......#
....#.##.........##.....##.#
##....)....#.....##....).###
#....)...###........ยง[).#
##......## #......oo..###
#......# ##.........#
#.#..### ###oT..o.##
##.#..## ###@To....#
#...##.# ##.hooo...####
##.##### ##............# ###
##......##.[[[###
###.....#.##..>)..##
#......#...###.[...#
###.....#.#........#
#...#....#.......##
##.##........##.##


You could see an orc warlord, 2 trolls, a warg, 2 orc warriors, 2 orc wizards
and 3 orcs.

Vanquished Creatures
  The ghost of pario the Firebug, a novice DsFE of Makhleb (Orc:1)
  Pikel (D:7)
  An orc knight (Orc:1)
  Maurice (D:8)
  Joseph (D:7)
  The ghost of Ijustatesigmund the Insei, a novice OpTm of Sif Muna (D:7)
  2 trolls
  The ghost of Gorice the Quickloader, an amateur KoAM (D:5)
  A spriggan (D:7)
  5 yaks (D:10)
  A vampire (D:10)
  2 wyverns
  Eustachio (D:4)
  A hungry ghost (D:8)
  4 killer bees (D:7)
  3 wargs
  Edmund (D:4)
  Duvessa (D:7)
  2 water moccasins
  4 sky beasts
  A slave (D:7)
  A black bear (D:10)
  2 ice beasts
  A phantom (D:7)
  12 orc warriors
  8 ogres
  7 centaurs
  2 big kobolds
  6 giant frogs
  A gnoll sergeant (D:8)
  5 scorpions
  Dowan (D:7)
  A howler monkey (D:10)
  A lava snake (D:8)
  An electric eel (D:8)
  A giant frog zombie (D:7)
  6 crimson imps
  2 wasp zombies
  5 hounds
  3 jellies
  2 giant frog skeletons
  A quasit (D:10)
  7 orc priests
  2 centaur skeletons
  2 gnoll shamans
  6 orc wizards
  Ijyb (D:2)
  15 worker ants
  A killer bee zombie (D:9)
  2 hound skeletons
  A howler monkey zombie (D:9)
  9 adders
  13 gnolls
  A shadow imp (D:9)
  An adder zombie (D:9)
  3 dart slugs
  7 giant geckos
  38 orcs
  2 ball pythons
  10 giant cockroaches
  7 goblins
  6 hobgoblins
  21 jackals
  A quokka (D:4)
  8 bats
  3 giant newts
  22 kobolds
  7 rats
301 creatures vanquished.

Vanquished Creatures (others)
  A slave (D:7)
  An orc priest (Orc:1)
2 creatures vanquished.

Grand Total: 303 creatures vanquished

Notes
Turn   | Place    | Note
--------------------------------------------------------------
     0 | D:1      | milladamen the Minotaur Berserker began the quest for the Orb.
     0 | D:1      | Reached XP level 1. HP: 19/19 MP: 0/0
   159 | D:1      | Reached XP level 2. HP: 27/27 MP: 1/1
   209 | D:1      | Reached skill level 4 in Maces & Flails
   219 | D:1      | Reached ** piety under Trog
   821 | D:2      | Reached XP level 3. HP: 26/33 MP: 2/2
   862 | D:2      | Noticed Ijyb
   872 | D:2      | Killed Ijyb
   905 | D:2      | Reached XP level 4. HP: 34/41 MP: 3/3
  1475 | D:3      | Reached skill level 8 in Maces & Flails
  1475 | D:3      | Reached XP level 5. HP: 45/53 MP: 4/4
  1476 | D:3      | Reached skill level 9 in Maces & Flails
  1476 | D:3      | Reached XP level 6. HP: 51/66 MP: 5/5
  1478 | D:3      | Noticed a sky beast
  1488 | D:3      | Killed a sky beast
  1488 | D:3      | Reached skill level 10 in Maces & Flails
  1516 | D:3      | Reached *** piety under Trog
  1939 | D:3      | Found a basalt altar of Yredelemnul.
  2055 | D:3      | Reached XP level 7. HP: 71/71 MP: 6/6
  2283 | D:3      | Found a white marble altar of Elyvilon.
  2394 | D:4      | Noticed an angel
  2398 | D:4      | Found a glowing silver altar of Zin.
  2400 | D:4      | Found a shimmering altar of Xom.
  2579 | D:4      | Reached skill level 10 in Fighting
  2637 | D:4      | Found Kus Baon's Distillery.
  2643 | D:4      | Bought a potion of curing for 36 gold pieces
  2752 | D:4      | Found a burning altar of Makhleb.
  2753 | D:4      | Found a radiant altar of Vehumet.
  2788 | D:4      | Noticed Eustachio
  2797 | D:4      | Killed Eustachio
  2839 | D:4      | Noticed Edmund
  2845 | D:4      | Killed Edmund
  2845 | D:4      | Reached XP level 8. HP: 79/79 MP: 7/7
  3002 | D:5      | Entered Level 5 of the Dungeon
  3002 | D:5      | Noticed Gorice's ghost (amateur KoAM)
  3037 | D:5      | Killed Gorice's ghost
  3121 | D:5      | Found a shattered altar of Ashenzari.
  3339 | D:5      | Found a shadowy altar of Dithmenos.
  3425 | D:5      | Found a runed door.
  3431 | D:5      | Found a runed door.
  3438 | D:5      | Reached **** piety under Trog
  3560 | D:5      | Found a staircase to the Ecumenical Temple.
  3696 | D:6      | Found Reitt's Magic Scroll Boutique.
  3711 | D:6      | Bought a scroll of identify for 24 gold pieces
  3711 | D:6      | Bought a scroll of identify for 24 gold pieces
  3711 | D:6      | Bought a scroll of holy word for 90 gold pieces
  3711 | D:6      | Bought a scroll of identify for 24 gold pieces
  3711 | D:6      | Bought a scroll of silence for 90 gold pieces
  3711 | D:6      | Bought a scroll of identify for 24 gold pieces
  3941 | D:6      | Found a stormy altar of Qazlal.
  4299 | D:6      | Found an oddly glowing altar of Pakellas.
  4299 | D:6      | Found a shattered altar of Ashenzari.
  4382 | D:7      | Noticed Dowan
  4383 | D:7      | Noticed Duvessa
  4396 | D:7      | Killed Dowan
  4406 | D:7      | Killed Duvessa
  4406 | D:7      | Reached skill level 1 in Shields
  4443 | D:7      | Reached XP level 9. HP: 83/86 MP: 8/8
  4511 | D:7      | Reached ***** piety under Trog
  4597 | D:7      | Noticed Joseph
  4610 | D:7      | Killed Joseph
  4684 | D:7      | Noticed Ijustatesigmund's ghost (novice OpTm)
  4697 | D:7      | Killed Ijustatesigmund's ghost
  4730 | D:7      | Noticed Pikel
  4736 | D:7      | Killed Pikel
  4820 | D:7      | Reached XP level 10. HP: 56/94 MP: 9/9
  5385 | D:8      | Found a sparkling altar of Nemelex Xobeh.
  5458 | D:8      | Identified a scroll of acquirement
  5475 | D:8      | Reached skill level 11 in Maces & Flails
  5563 | D:8      | Noticed Maurice
  5719 | D:8      | Reached skill level 10 in Armour
  5764 | D:8      | Reached skill level 5 in Shields
  6021 | D:8      | Killed Maurice
  6403 | D:9      | Received a gift from Trog
  6585 | D:9      | Reached ****** piety under Trog
  6628 | D:9      | Found a blossoming altar of Fedhas.
  6978 | D:10     | Entered Level 10 of the Dungeon
  7255 | D:10     | Found a staircase to the Orcish Mines.
  7259 | D:10     | Received a gift from Trog
  7259 | D:10     | Reached skill level 10 in Dodging
  7314 | D:10     | Reached XP level 11. HP: 99/102 MP: 8/10
  7708 | Orc:1    | Entered Level 1 of the Orcish Mines
  7713 | Orc:1    | Noticed an orc knight
  7715 | Orc:1    | Noticed pario's ghost (novice DsFE)
  7724 | Orc:1    | Killed an orc knight
  7735 | Orc:1    | Killed pario's ghost
  7735 | Orc:1    | Reached skill level 12 in Maces & Flails
  7857 | Orc:1    | Found Fomos's Weapon Shop.
  7980 | Orc:2    | Entered Level 2 of the Orcish Mines
  8165 | Orc:2    | Noticed an orc knight
  8541 | Orc:1    | Received a gift from Trog
  9053 | Orc:1    | Noticed an orc warlord
  9070 | Orc:1    | HP: 4/104 [orc warrior/scimitar[an orc warlord] (4)]
  9071 | Orc:1    | Slain by a troll

Vault maps used:
D:1:      lightli_arrival_statue_moat
D:2:      serial_glass, glass_columns_a, glass_columns_a, nrook_mini_backslash,
          kennysheep_generic_room_5, uniq_iyjb
D:3:      kennysheep_ying_yang, first_bread, minmay_misc_feat_x
D:4:      grunt_temple_overflow_lords_of_destruction,
          grunt_temple_overflow_order_and_chaos_1, serial_shops,
          nicolae_shop_statue_plus, uniq_eustachio, uniq_edmund
D:5:      lemuel_insect_pit, marbit_many_paths, temple_statues,
          ashenzari_altar_1
D:6:      nicolae_overflow_crystal_walls, amethyst_overflow_temple_binary,
          serial_shops, shop, dk_noncrumbling_3, abandoned_shop,
          hangedman_abyss_or_decor_stabs
D:7:      the_bakery, minmay_tree_intersection, uniq_pikel, uniq_duvessa,
          uniq_joseph
D:8:      nemelex_deck, nicolae_lava_and_water, uniq_maurice
D:9:      boulder_corridor_run, overflow_temple_1_default
D:10:     orc_0_dummy
Orc:1:    serial_shops, shop
Orc:2:    st_orc_rangers

Skill      XL: |  1  2  3  4  5  6  7  8  9 10 11 |
---------------+----------------------------------+-----
Fighting       | 4 8 9 10 11 | 11.9
Maces & Flails | 4 8 9 10 11 12 | 12.2
Armour         | 7 9 10 11 | 11.2
Dodging        | 6 8 9 10 | 10.7
Shields        | 1 4 5 |  5.6
Stealth        | |  0.8

Action                   |  1- 3 |  4- 6 |  7- 9 | 10-12 || total
-------------------------+-------+-------+-------+-------++-------
Melee: Mace              |    66 |    78 |     7 |       ||   151
       Flail             |       |       |   304 |       ||   304
       Morningstar       |       |       |    33 |   159 ||   192
       Great mace        |       |       |       |   105 ||   105
       Dire flail        |       |       |       |   189 ||   189
Invok: Burn Spellbooks   |       |       |     1 |       ||     1
  Use: Scroll            |       |    13 |    10 |     9 ||    32
       Potion            |       |     2 |       |     7 ||     9
  Eat: Chunk             |       |     4 |     6 |     8 ||    18
       Meat ration       |       |       |     1 |       ||     1
       Royal jelly       |       |       |       |     1 ||     1
       Fruit             |       |       |       |     3 ||     3
       Pizza             |       |       |       |     2 ||     2
